TOP OF THE 1ST |
Los Angeles Dodgers batting - Pitching for Baltimore Orioles : LHP Drew Smyly
|
Pitching: LHP Drew Smyly
|
|
Batting: RHB Jose Peraza
|
0-0: Ground out 6-3 (Groundball, 6, EV 103.8 MPH)
|
Batting: RHB Mookie Betts
|
0-0: Ball 1-0: Foul Ball, location: 2F 1-1: Ball 2-1: DOUBLE (Line Drive, 7LS, EV 93.1 MPH)
|
Batting: RHB Jonathan Schoop
|
0-0: Ball 1-0: Ball Wild Pitch! Mookie Betts to third 2-0: Called Strike 2-1: Ground out 6-3 (Groundball, 56, EV 106.3 MPH) Mookie Betts scores
|
Batting: LHB Brian Goodwin
|
0-0: Ball 1-0: Swinging Strike 1-1: Foul Ball, location: 2F 1-2: Strikes out swinging
|
Top of the 1st over - 1 run, 1 hit, 0 errors, 0 left on base; Los Angeles 1 - Baltimore 0 |
BOTTOM OF THE 1ST |
Baltimore Orioles batting - Pitching for Los Angeles Dodgers : RHP Mike Foltynewicz
|
Pitching: RHP Mike Foltynewicz
|
|
Batting: RHB Andrew McCutchen
|
0-0: Ball 1-0: Ball 2-0: Called Strike 2-1: Swinging Strike 2-2: Ball 3-2: Foul Ball, location: 2F 3-2: Foul Ball, location: 2F 3-2: Foul Ball, location: 2F 3-2: Fly out, F8 (Flyball, 8LD, EV 100.6 MPH)
|
Batting: RHB Albert Almora
|
0-0: Ball 1-0: Ball 2-0: Ball 3-0: Base on Balls
|
Batting: LHB Joey Votto
|
0-0: Ball 1-0: Foul Ball, location: 2F 1-1: Ball 2-1: Foul Ball, location: 2F 2-2: Ball Albert Almora is caught stealing 2nd base 2-6 3-2: Fly out, F3 (Line Drive, 3, EV 65.6 MPH)
|
Bottom of the 1st over - 0 runs, 0 hits, 0 errors, 0 left on base; Los Angeles 1 - Baltimore 0 |
TOP OF THE 2ND |
Los Angeles Dodgers batting - Pitching for Baltimore Orioles : LHP Drew Smyly
|
Batting: RHB Josh Donaldson
|
0-0: Ball 1-0: Ball 2-0: Called Strike 2-1: Ball 3-1: Base on Balls
|
Batting: SHB Justin Smoak
|
0-0: Called Strike 0-1: Ball 1-1: Foul Ball, location: 2F 1-2: Ball 2-2: Ball 3-2: Foul Ball, location: 2F 3-2: Hit by Pitch Josh Donaldson to second
|
Batting: RHB Randal Grichuk
|
0-0: SINGLE (Line Drive, 78S, EV 90.0 MPH) Josh Donaldson to third Justin Smoak to second
|
Batting: LHB Brett Gardner
|
0-0: Called Strike 0-1: Ball 1-1: Ball 2-1: Ball 3-1: Fielders Choice at 2nd, 5-4 (Groundball, 5, EV 81.9 MPH) Josh Donaldson scores Justin Smoak to third
|
Batting: RHB Evan Gattis
|
0-0: Ball 1-0: Called Strike 1-1: Foul Ball, location: 2F 1-2: Ball 2-2: Ball Brett Gardner is caught stealing 2nd base 2-4 3-2: Fly out, F8 (Flyball, 8LS, EV 89.4 MPH)
|
Top of the 2nd over - 1 run, 1 hit, 0 errors, 1 left on base; Los Angeles 2 - Baltimore 0 |
BOTTOM OF THE 2ND |
Baltimore Orioles batting - Pitching for Los Angeles Dodgers : RHP Mike Foltynewicz
|
Batting: LHB Shohei Ohtani
|
0-0: Ball 1-0: Ball 2-0: Called Strike 2-1: Foul Ball, location: 2F 2-2: Foul Ball, location: 2F 2-2: Ball 3-2: Foul Ball, location: 2F 3-2: Fly out, F7 (Flyball, 7S, EV 88.1 MPH)
|
Batting: SHB Asdrubal Cabrera
|
0-0: Called Strike 0-1: Ground out 4-3 (Groundball, 4, EV 103.8 MPH)
|
Batting: LHB Daniel Murphy
|
0-0: Called Strike 0-1: Fly out, F6 (Popup, 6MD, EV 66.3 MPH)
|
Bottom of the 2nd over - 0 runs, 0 hits, 0 errors, 0 left on base; Los Angeles 2 - Baltimore 0 |
TOP OF THE 3RD |
Los Angeles Dodgers batting - Pitching for Baltimore Orioles : LHP Drew Smyly
|
Batting: RHB Jose Peraza
|
0-0: Called Strike 0-1: Ball 1-1: Foul Ball, location: 2F 1-2: Ball 2-2: Ball 3-2: Strikes out swinging
|
Batting: RHB Mookie Betts
|
0-0: Foul Ball, location: 2F 0-1: Ball 1-1: Called Strike 1-2: Foul Ball, location: 2F 1-2: Fly out, F9 (Flyball, 9, EV 93.8 MPH)
|
Batting: RHB Jonathan Schoop
|
0-0: Ball 1-0: SINGLE (Line Drive, 56D, EV 95.0 MPH)
|
Batting: LHB Brian Goodwin
|
0-0: Swinging Strike 0-1: Foul Ball, location: 2F 0-2: Ball 1-2: Foul Ball, location: 2F 1-2: Foul Ball, location: 2F 1-2: Strikes out swinging
|
Top of the 3rd over - 0 runs, 1 hit, 0 errors, 1 left on base; Los Angeles 2 - Baltimore 0 |
BOTTOM OF THE 3RD |
Baltimore Orioles batting - Pitching for Los Angeles Dodgers : RHP Mike Foltynewicz
|
Batting: LHB Nomar Mazara
|
0-0: Swinging Strike 0-1: DOUBLE (Line Drive, 9LM, EV 114.4 MPH)
|
Batting: RHB Rene Rivera
|
0-0: Foul Ball, location: 2F 0-1: Ball 1-1: Ball 2-1: Ball 3-1: Called Strike 3-2: Foul Ball, location: 2F 3-2: Foul Ball, location: 2F 3-2: SINGLE (Groundball, 56D, EV 99.4 MPH) Nomar Mazara to third Runner from 3rd tries for Home, throw by LF and OUT! 7-2 Rene Rivera to second
|
Batting: RHB Matt Duffy
|
0-0: DOUBLE (Flyball, 8RXD, EV 87.5 MPH) Rene Rivera scores
|
Batting: RHB Andrew McCutchen
|
0-0: Called Strike 0-1: Ball 1-1: Ball 2-1: Foul Ball, location: 2F 2-2: Strikes out swinging
|
Batting: RHB Albert Almora
|
0-0: Ball 1-0: Ball 2-0: Called Strike 2-1: SINGLE (Groundball, 6MD, EV 103.1 MPH) Matt Duffy to third
|
Batting: LHB Joey Votto
|
0-0: Ball 1-0: Called Strike 1-1: Ball 2-1: Called Strike 2-2: Foul Ball, location: 2F 2-2: Ball 3-2: Ground out 4-3 (Groundball, 34D, EV 101.3 MPH)
|
Bottom of the 3rd over - 1 run, 4 hits, 0 errors, 2 left on base; Los Angeles 2 - Baltimore 1 |
TOP OF THE 4TH |
Los Angeles Dodgers batting - Pitching for Baltimore Orioles : LHP Drew Smyly
|
Batting: RHB Josh Donaldson
|
0-0: Fly out, F7 (Flyball, 7S, EV 86.9 MPH)
|
Batting: SHB Justin Smoak
|
0-0: Ball 1-0: Ball 2-0: Ball 3-0: Called Strike 3-1: Fly out, F7 (Line Drive, 7, EV 95.6 MPH)
|
Batting: RHB Randal Grichuk
|
0-0: Ball 1-0: Ball 2-0: Called Strike 2-1: Foul Ball, location: 2F 2-2: Foul Ball, location: 2F 2-2: Strikes out swinging
|
Top of the 4th over - 0 runs, 0 hits, 0 errors, 0 left on base; Los Angeles 2 - Baltimore 1 |
BOTTOM OF THE 4TH |
Baltimore Orioles batting - Pitching for Los Angeles Dodgers : RHP Mike Foltynewicz
|
Batting: LHB Shohei Ohtani
|
0-0: Called Strike 0-1: Foul Ball, location: 2F 0-2: Foul Ball, location: 2F 0-2: Strikes out swinging
|
Batting: SHB Asdrubal Cabrera
|
0-0: Ground out 1-3 (Groundball, 34S, EV 85.0 MPH)
|
Batting: LHB Daniel Murphy
|
0-0: Swinging Strike 0-1: Ball 1-1: Foul Ball, location: 2F 1-2: SINGLE (Line Drive, 8RS, EV 88.1 MPH)
|
Batting: LHB Nomar Mazara
|
0-0: Fly out, F7 (Line Drive, 7, EV 90.6 MPH)
|
Bottom of the 4th over - 0 runs, 1 hit, 0 errors, 1 left on base; Los Angeles 2 - Baltimore 1 |
TOP OF THE 5TH |
Los Angeles Dodgers batting - Pitching for Baltimore Orioles : LHP Drew Smyly
|
Batting: LHB Brett Gardner
|
0-0: Ball 1-0: Foul Ball, location: 2F 1-1: Foul Ball, location: 2F 1-2: Foul Ball, location: 2F 1-2: Foul Ball, location: 2F 1-2: Ball 2-2: Foul Ball, location: 2F 2-2: Strikes out looking
|
Batting: RHB Evan Gattis
|
0-0: Called Strike 0-1: Swinging Strike 0-2: TRIPLE (Flyball, 89XD, EV 105.0 MPH)
|
Batting: RHB Jose Peraza
|
0-0: Ball 1-0: SINGLE (Groundball, 4MD, EV 96.3 MPH) Evan Gattis scores
|
Batting: RHB Mookie Betts
|
0-0: Ball 1-0: Ball 2-0: Foul Ball, location: 2F 2-1: Ball 3-1: Called Strike 3-2: SINGLE (Line Drive, 6D, EV 108.8 MPH) Jose Peraza to second
|
Batting: RHB Jonathan Schoop
|
0-0: Ball 1-0: 3-RUN HOME RUN (Flyball, 89XD, EV 106.9 MPH), Distance : 424 ft
|
Pitching: RHP R.J. Alaniz
|
|
Batting: LHB Brian Goodwin
|
0-0: Swinging Strike 0-1: Ball 1-1: Fly out, F5 (Popup, 5, EV 67.5 MPH)
|
Batting: RHB Josh Donaldson
|
0-0: Ball 1-0: Foul Ball, location: 2F 1-1: Swinging Strike 1-2: Ball 2-2: Foul Ball, location: 2F 2-2: Ball 3-2: Base on Balls
|
Batting: SHB Justin Smoak
|
0-0: Ball Pickoff Throw to First - Out! 1-3
|
Top of the 5th over - 4 runs, 4 hits, 0 errors, 0 left on base; Los Angeles 6 - Baltimore 1 |
BOTTOM OF THE 5TH |
Baltimore Orioles batting - Pitching for Los Angeles Dodgers : RHP Mike Foltynewicz
|
Batting: RHB Rene Rivera
|
0-0: Called Strike 0-1: Swinging Strike 0-2: Ball 1-2: Ball 2-2: Strikes out looking
|
Batting: RHB Matt Duffy
|
0-0: Ball 1-0: Called Strike 1-1: Called Strike 1-2: Strikes out swinging
|
Batting: RHB Andrew McCutchen
|
0-0: Ball 1-0: Foul Ball, location: 2F 1-1: Ball 2-1: Foul Ball, location: 2F 2-2: Ground out 5-3 (Groundball, 56S, EV 86.3 MPH)
|
Bottom of the 5th over - 0 runs, 0 hits, 0 errors, 0 left on base; Los Angeles 6 - Baltimore 1 |
TOP OF THE 6TH |
Los Angeles Dodgers batting - Pitching for Baltimore Orioles : RHP R.J. Alaniz
|
Batting: SHB Justin Smoak
|
0-0: Ball 1-0: Ball 2-0: Called Strike 2-1: Ground out 4-3 (Groundball, 4, EV 108.1 MPH)
|
Batting: RHB Randal Grichuk
|
0-0: Called Strike 0-1: Fly out, F8 (Flyball, 78D, EV 102.5 MPH)
|
Batting: LHB Brett Gardner
|
0-0: Foul Ball, location: 2F 0-1: Ball 1-1: Ball 2-1: Ball 3-1: Base on Balls
|
Pitching: RHP Alex Cobb
|
|
Batting: RHB Evan Gattis
|
0-0: Ball 1-0: Ball 2-0: Foul Ball, location: 2F 2-1: Ball 3-1: Called Strike 3-2: SINGLE (Groundball, 6D, EV 95.0 MPH) Brett Gardner to second Brett Gardner to third
|
Batting: RHB Jose Peraza
|
0-0: Ground out 1-3 (Groundball, 34S, EV 85.0 MPH)
|
Top of the 6th over - 0 runs, 1 hit, 0 errors, 2 left on base; Los Angeles 6 - Baltimore 1 |
BOTTOM OF THE 6TH |
Baltimore Orioles batting - Pitching for Los Angeles Dodgers : RHP Mike Foltynewicz
|
Batting: RHB Albert Almora
|
0-0: Ball 1-0: Called Strike 1-1: Foul Ball, location: 2F 1-2: Ground out 6-3 (Groundball, 56, EV 99.4 MPH)
|
Batting: LHB Joey Votto
|
0-0: Ball 1-0: Called Strike 1-1: Ball 2-1: Called Strike 2-2: Foul Ball, location: 2F 2-2: Ball 3-2: Base on Balls
|
Pitching: RHP Phil Maton
|
|
Batting: LHB Shohei Ohtani
|
0-0: Ball 1-0: Ball 2-0: Ball 3-0: Base on Balls Joey Votto to second
|
Batting: SHB Asdrubal Cabrera
|
0-0: Foul Ball, location: 2F 0-1: Ball 1-1: Hit by Pitch Joey Votto to third Shohei Ohtani to second
|
Batting: LHB Daniel Murphy
|
0-0: Ball 1-0: Ball 2-0: Fly out, F5 (Popup, 5F, EV 81.9 MPH)
|
Batting: LHB Nomar Mazara
|
0-0: Ball 1-0: Fly out, F4 (Popup, 34, EV 79.4 MPH)
|
Bottom of the 6th over - 0 runs, 0 hits, 0 errors, 3 left on base; Los Angeles 6 - Baltimore 1 |
TOP OF THE 7TH |
Los Angeles Dodgers batting - Pitching for Baltimore Orioles : RHP Alex Cobb
|
Batting: RHB Mookie Betts
|
0-0: Called Strike 0-1: Ground out 6-3 (Groundball, 6, EV 82.5 MPH)
|
Batting: RHB Jonathan Schoop
|
0-0: Called Strike 0-1: Fly out, F8 (Flyball, 8LS, EV 78.8 MPH)
|
Batting: LHB Brian Goodwin
|
0-0: Swinging Strike 0-1: Ball 1-1: Swinging Strike 1-2: Strikes out swinging
|
Top of the 7th over - 0 runs, 0 hits, 0 errors, 0 left on base; Los Angeles 6 - Baltimore 1 |
BOTTOM OF THE 7TH |
Baltimore Orioles batting - Pitching for Los Angeles Dodgers : RHP Phil Maton
|
Batting: RHB Rene Rivera
|
0-0: Fly out, F6 (Popup, 6, EV 61.3 MPH)
|
Batting: RHB Matt Duffy
|
0-0: Fly out, F3 (Line Drive, 3, EV 66.3 MPH)
|
Batting: RHB Andrew McCutchen
|
0-0: Ball 1-0: Swinging Strike 1-1: Swinging Strike 1-2: Strikes out looking
|
Bottom of the 7th over - 0 runs, 0 hits, 0 errors, 0 left on base; Los Angeles 6 - Baltimore 1 |
TOP OF THE 8TH |
Los Angeles Dodgers batting - Pitching for Baltimore Orioles : RHP Alex Cobb
|
Batting: RHB Josh Donaldson
|
0-0: Foul Ball, location: 2F 0-1: Called Strike 0-2: Strikes out swinging
|
Batting: SHB Justin Smoak
|
0-0: Called Strike 0-1: Ball 1-1: Ball 2-1: Called Strike 2-2: Ball 3-2: Foul Ball, location: 2F 3-2: Ground out 1-3 (Groundball, P, EV 84.4 MPH)
|
Pitching: RHP Carlos Estevez
|
|
Batting: RHB Randal Grichuk
|
0-0: Ball 1-0: Fly out, F8 (Flyball, 8LM, EV 90.6 MPH)
|
Top of the 8th over - 0 runs, 0 hits, 0 errors, 0 left on base; Los Angeles 6 - Baltimore 1 |
BOTTOM OF THE 8TH |
Baltimore Orioles batting - Pitching for Los Angeles Dodgers : RHP Phil Maton
|
Batting: RHB Albert Almora
|
0-0: Ball 1-0: Ground out 5-3 (Groundball, 56S, EV 79.4 MPH)
|
Batting: LHB Joey Votto
|
0-0: Ball 1-0: Ball 2-0: Called Strike 2-1: Called Strike 2-2: Foul Ball, location: 2F 2-2: Ball 3-2: Base on Balls
|
Pitching: RHP Scott Oberg
|
|
Batting: LHB Shohei Ohtani
|
0-0: Called Strike 0-1: 2-RUN HOME RUN (Flyball, 78XD, EV 90.6 MPH), Distance : 372 ft
|
Batting: SHB Asdrubal Cabrera
|
0-0: Called Strike 0-1: Ball 1-1: SOLO HOME RUN (Flyball, 7D, EV 98.1 MPH), Distance : 378 ft
|
Batting: LHB Daniel Murphy
|
0-0: Foul Ball, location: 2F 0-1: Ground out 6-3 (Groundball, 6, EV 83.1 MPH)
|
Batting: LHB Nomar Mazara
|
0-0: Ball 1-0: Ball 2-0: Called Strike 2-1: Called Strike 2-2: Ball 3-2: Base on Balls
|
Batting: RHB Rene Rivera
|
0-0: Ball 1-0: Foul Ball, location: 2F 1-1: Ball Wild Pitch! Nomar Mazara to second 2-1: Ball 3-1: Called Strike 3-2: Foul Ball, location: 2F 3-2: Foul Ball, location: 2F 3-2: Strikes out swinging
|
Bottom of the 8th over - 3 runs, 2 hits, 0 errors, 1 left on base; Los Angeles 6 - Baltimore 4 |
TOP OF THE 9TH |
Los Angeles Dodgers batting - Pitching for Baltimore Orioles : RHP Carlos Estevez
|
Batting: LHB Brett Gardner
|
0-0: Ball 1-0: Swinging Strike 1-1: Foul Ball, location: 2F 1-2: Fly out, F7 (Flyball, 7LS, EV 87.5 MPH)
|
Batting: RHB Evan Gattis
|
0-0: Ball 1-0: Ball 2-0: Called Strike 2-1: SINGLE (Groundball, 6D, EV 106.9 MPH)
|
Batting: RHB Jose Peraza
|
0-0: Fly out, F4 (Flyball, 4MD, EV 88.1 MPH)
|
Batting: RHB Mookie Betts
|
0-0: Swinging Strike 0-1: Foul Ball, location: 2F 0-2: Strikes out swinging
|
Top of the 9th over - 0 runs, 1 hit, 0 errors, 1 left on base; Los Angeles 6 - Baltimore 4 |
BOTTOM OF THE 9TH |
Baltimore Orioles batting - Pitching for Los Angeles Dodgers : RHP Scott Oberg
|
Pitching: RHP Cody Allen
|
|
Batting: RHB Matt Duffy
|
0-0: Reached on error, E4 (Groundball, 4M, EV 106.3 MPH)
|
Batting: RHB Andrew McCutchen
|
0-0: Ball 1-0: Ball 2-0: Ball 3-0: Base on Balls
|
Batting: RHB Albert Almora
|
0-0: Ball 1-0: Ball 2-0: Called Strike 2-1: Foul Ball, location: 2F 2-2: Fly out, F4 (Line Drive, 4, EV 63.8 MPH)
|
Batting: LHB Joey Votto
|
0-0: Ball 1-0: Called Strike 1-1: Called Strike 1-2: 3-RUN HOME RUN (Flyball, 9LD, EV 90.0 MPH), Distance : 343 ft
|
|
Tuesday, December 17th, 2019 - OOTP Baseball 20.8 Build 73
|
|